 Dungeon Crawl Stone Soup version 0.26.1-11-gd32895ea62 (webtiles) character file.

Game seed: 10887629314737359457

118291 DildoBatman the Necromancer (level 17, -2/128 HPs)
             Began as a Formicid Conjurer on July 10, 2021.
             Was an Initiate of Gozag.
             Slain by a merfolk impaler
             ... wielding a +2 trident of flaming
              (3 damage)
             ... on level 1 of the Shoals on July 11, 2021.
             The game lasted 02:07:19 (30273 turns).

DildoBatman the Necromancer (Formicid Conjurer)    Turns: 30273, Time: 02:07:19

Health: -2/128     AC: 21    Str: 11    XL:     17   Next: 31%
Magic:  0/27       EV: 17    Int: 19    God:    Gozag
Gold:   6439       SH:  7    Dex: 20    Spells: 9/36 levels left

rFire    x . .     SeeInvis +   a - +10 mace "Koxuig" {holy, rElec rPois Will+++ Str-2}
rCold    + . .     Faith    .   t - +0 buckler
rNeg     . . .     Spirit   .   o - +4 troll leather armour
rPois    +         Reflect  .   (helmet unavailable)
rElec    +         Harm     .   Z - +0 cloak
rCorr    .         Rampage  +   M - +1 pair of gloves
Will     ++++.     Clarity  +   D - +2 pair of boots {rampage}
Stlth    ++........             r - amulet of regeneration
HPRegen  1.11/turn              h - +6 ring of dexterity
MPRegen  0.20/turn              U - ring of ice

@: no status effects
A: permanent stasis, dig shafts and tunnels, four strong arms, antennae 3, icy
blue scales 1, molten scales 1, clarity, low mp 1, MP-powered wands
a: Dig, Shaft Self, Renounce Religion, Potion Petition, Call Merchant, Bribe
Branch


You were on level 1 of the Shoals.
You worshipped Gozag.
Gozag was greatly pleased with you.
You visited 6 branches of the dungeon, and saw 27 of its levels.
You also visited: Sewer, Ossuary and Volcano.

You collected 8067 gold pieces.
You spent 1349 gold pieces at shops.
You paid 279 gold pieces to Gozag.

Inventory:

Hand Weapons
 a - the +10 mace "Koxuig" (weapon) {holy, rElec rPois Will+++ Str-2}
   (You found it on level 2 of the Lair of Beasts)

   It has been blessed by the Shining One to cause great damage to the undead
   and demons.
   It affects your strength (-2).
   It insulates you from electricity.
   It protects you from poison.
   It affects your willpower, your defense against some magical effects.
 b - a +2 hunting sling of flaming
 d - a +3 battleaxe of flaming
 e - the +1 mace "Imp's Nightmare" {freeze, *Drain rF++ rC+ rN+}
   (You found it on level 13 of the Dungeon)

   It has been specially enchanted to freeze those struck by it, causing extra
   injury to most foes and up to half again as much damage against particularly
   susceptible opponents.
   It can also slow down cold-blooded creatures.
   It greatly protects you from fire.
   It protects you from cold.
   It protects you from negative energy.
   It causes draining when unequipped.
Missiles
 j - 795 arrows
 k - 437 bolts
 l - 140 sling bullets
 F - 916 stones
Armour
 o - a +4 troll leather armour (worn)
 t - a +0 buckler (worn)
 v - the +3 robe of Clouds {+Thunder rCloud rElec}
   (You found it on level 3 of the Lair of Beasts)

   It insulates you from electricity.
 D - a +2 pair of boots of rampaging (worn)
 M - a +1 pair of gloves (worn)
 Z - a +0 cloak (worn)
Jewellery
 g - an uncursed amulet of the acrobat
 h - a +6 ring of dexterity (left hand)
 m - an uncursed ring of positive energy
 r - an amulet of regeneration (around neck)
 y - a +6 ring of dexterity
 A - a +6 ring of intelligence
 Q - an uncursed ring of protection from cold
 R - an uncursed ring of protection from fire
 U - a ring of ice (right hand)
Wands
 p - a wand of acid (27)
 P - a wand of disintegration (19)
 S - a wand of iceblast (22)
Scrolls
 w - a scroll of summoning
 x - 5 scrolls of remove curse
 z - a scroll of identify
 C - 3 scrolls of magic mapping
 E - 2 scrolls of torment
 H - 6 scrolls of immolation
 I - a scroll of acquirement {unknown}
 N - a scroll of holy word {unknown}
 O - 2 scrolls of vulnerability {unknown}
 T - a scroll of fear
 X - 5 scrolls of fog
Potions
 f - 7 potions of flight
 i - 8 potions of brilliance
 n - 2 potions of cancellation
 q - 5 potions of might
 s - 4 potions of heal wounds
 B - 3 potions of ambrosia
 G - 16 potions of curing
 K - a potion of magic
 L - a potion of invisibility
 W - 2 potions of resistance
Miscellaneous
 u - a phantom mirror
 J - a lightning rod (4/4)
 Y - a condenser vane


   Skills:
 - Level 10.0 Fighting
 - Level 4.0 Maces & Flails
 - Level 10.0 Armour
 - Level 7.0 Dodging
 - Level 2.4 Stealth
 * Level 8.1 Shields
 - Level 10.0 Spellcasting
 - Level 6.0 Conjurations
 * Level 17.3 Necromancy
 * Level 7.9 Transmutations
 - Level 6.0 Fire Magic
 * Level 6.7 Ice Magic
 - Level 4.0 Air Magic
 - Level 4.0 Poison Magic
 * Level 2.0 Evocations


You had 9 spell levels left.
You knew the following spells:

 Your Spells              Type           Power        Failure   Level
a - Searing Ray           Conj           64%          1%          2
b - Conjure Flame         Conj/Fire      32%          2%          3
c - Ignite Poison         Fire/Tmut/Pois 32%          2%          3
d - Vampiric Draining     Necr           33%          1%          3
e - Mephitic Cloud        Conj/Pois/Air  27%          4%          3
f - Frozen Ramparts       Ice            100%         1%          3
g - Ozocubu's Armour      Ice            51%          1%          3
h - Dispel Undead         Necr           66%          1%          4
i - Magic Dart            Conj           100%         1%          1
z - Sublimation of Blood  Necr           33%          0%          2

Your spell library contained the following spells:

 Spells                   Type           Power        Failure   Level
 Animate Skeleton         Necr           100%         0%          1
 Pain                     Necr           100%         0%          1
 Foxfire                  Conj/Fire      100%         1%          1
 Freeze                   Ice            100%         1%          1
 Shock                    Conj/Air       100%         1%          1
 Corpse Rot               Necr/Air       N/A          1%          2
 Animate Dead             Necr           33%          1%          4
 Agony                    Necr           66%          1%          5
 Excruciating Wounds      Necr           33%          1%          5
 Death Channel            Necr           33%          1%          6
 Poisonous Vapours        Pois/Air       48%          2%          2
 Static Discharge         Conj/Air       28%          3%          3
 Hailstorm                Conj/Ice       50%          7%          4
 Dazzling Flash           Conj/Hex       40%          8%          3
 Inner Flame              Hex/Fire       20%          8%          3
 Sticky Flame             Conj/Fire      32%          8%          4
 Apportation              Tloc           18%          9%          1
 Corona                   Hex            10%          9%          1
 Summon Small Mammal      Summ           36%          9%          1
 Simulacrum               Ice/Necr       35%          10%         6
 Call Imp                 Summ           9%           14%         2
 Slow                     Hex            9%           14%         2
 Airstrike                Air            12%          17%         4
 Summon Ice Beast         Ice/Summ       33%          22%         4
 Fireball                 Conj/Fire      16%          22%         5
 Gell's Gravitas          Tloc           4%           26%         3
 Portal Projectile        Hex/Tloc       18%          26%         3
 Fulminant Prism          Conj/Hex       10%          26%         4
 Iskenderun's Mystic Bla  Conj/Tloc      20%          26%         4
 Lightning Bolt           Conj/Air       14%          32%         5
 Borgnjor's Revivificati  Necr           33%          45%         8
 Infestation              Necr           33%          45%         8
 Starburst                Conj/Fire      16%          75%         6
 Freezing Cloud           Conj/Ice/Air   22%          82%         6
 Haunt                    Necr/Summ      21%          92%         7
 Necromutation            Tmut/Necr      27%          98%         8
 Dispersal                Tloc           4%           100%        6
 Disjunction              Tloc           4%           100%        8
 Ignition                 Fire           16%          100%        8
 Death's Door             Necr           33%          100%        9
 Swiftness                Air            Unusable     N/A         2
 Blink                    Tloc           Unusable     N/A         2

Dungeon Overview and Level Annotations

Branches:
Dungeon (15/15)            Temple (1/1) D:4            Lair (6/6) D:9
 Shoals (2/4) Lair:3        Snake (1/4) Lair:2        Slime (0/5) Lair:5
    Orc (2/2) D:12            Elf (0/3) Orc:2        Vaults (0/5) D:13
 Depths (0/5) D:15          Sewer (visited)         Ossuary (visited)
Volcano (visited)

Altars:
Ashenzari
Cheibriados
Dithmenos
Elyvilon
Fedhas
Gozag
Hepliaklqana
Kikubaaqudgha
Makhleb
Nemelex Xobeh
Okawaru
Qazlal
Ru
Sif Muna
Trog
Uskayaw
Vehumet
Xom
Zin
The Shining One
Jiyva

Shops:
D:4 }:*==   D:8 *   D:14 =   Orc:2 **?(?

Annotations:
D:14 2 transporters
D:15 Azrael
Lair:4 exclusion: 4 oklob plants
Snake:1 Asterion


Innate Abilities, Weirdness & Mutations

You cannot be hasted, slowed, berserked, paralysed or teleported.
You can dig through walls and to a lower floor.
Your four strong arms can wield two-handed weapons with a shield.
You have a pair of large antennae on your head. (SInv)
You are partially covered in icy blue scales. (AC +2)
You are partially covered in molten scales. (AC +2)
You possess an exceptional clarity of mind.
Your magical capacity is low. (-10% MP)
You expend magic power (3 MP) to strengthen your wands.


Message History

There is a stone staircase leading down here.
Casting: Mephitic Cloud (mildly dangerous; 4% risk of failure)
Confirm with . or Enter, or press ? or * to list all spells.
Aiming: Mephitic Cloud (mildly dangerous; 4% risk of failure)
Press: ? - help, Shift-Dir - straight line, f - merfolk impaler
Aim: a merfolk impaler, wielding a +2 trident of flaming and wearing a +0 leather armour (lightly wounded)
The ball explodes into a vile cloud!
The stinking cloud engulfs the merfolk impaler but does no damage.
The merfolk impaler is lightly wounded.
The stinking cloud engulfs you but does no damage.
The merfolk impaler is engulfed in noxious fumes.
The merfolk impaler barely misses you.
The merfolk impaler is engulfed in noxious fumes.
The merfolk impaler hits you from afar with a +2 trident of flaming.
The merfolk impaler burns you.
The merfolk impaler is engulfed in noxious fumes.
The merfolk impaler hits you from afar with a +2 trident of flaming.
The merfolk impaler burns you.
You die...
Your body crumbles into a pile of gold.

≈≈≈..##......##....≈≈..≈...≈≈≈≈≈≈
≈≈≈..#..[....###............≈≈≈≈≈
≈≈≈≈......≈≈.###...........≈?≈≈≈.
≈≈≈≈.....≈≈≈..........≈.≈≈≈≈≈≈≈>.
≈≈≈...........≈≈......≈≈≈≈≈≈≈...#
≈≈≈≈≈≈...≈..............≈≈≈≈≈≈...
≈≈≈≈≈≈≈≈....≈≈≈.....>..≈≈≈≈≈≈≈≈≈.
≈≈≈≈≈≈≈≈....≈≈....)###.≈..≈≈≈≈≈≈.
≈≈≈≈≈≈≈≈≈.≈≈≈≈..@...#..≈.≈≈≈≈≈≈≈≈
≈≈≈≈≈≈≈≈≈.≈≈≈≈○○≈≈≈...≈≈≈≈≈≈≈≈≈≈≈
≈≈≈≈≈≈≈≈≈≈≈≈≈≈☼m°....≈≈≈≈≈≈≈≈≈≈≈≈
≈≈≈≈≈≈≈≈≈≈≈≈≈≈§○○...≈≈≈≈≈≈≈≈≈≈≈≈≈
≈≈≈≈≈≈≈≈≈≈≈≈≈≈.....≈.≈≈≈≈≈≈≈≈≈≈≈≈
≈≈≈≈≈≈≈≈≈≈≈≈≈...#....≈≈≈≈≈.≈≈≈≈≈≈
≈≈≈≈≈≈≈≈≈≈≈≈...###...≈≈≈≈≈≈≈≈≈≈≈≈
≈≈≈≈≈≈≈≈≈≈≈≈...###..≈≈≈≈≈≈≈≈≈≈≈≈≈
≈≈≈≈≈...≈≈≈≈≈≈......≈≈≈≈≈≈≈≈≈≈≈≈≈


You could see a merfolk impaler.

Vanquished Creatures
  Nessos (Lair:5)
  A red draconian (Volcano)
  Josephine (Orc:1)
  A merfolk impaler (Lair:3)
  An ogre mage (D:14)
  A yaktaur captain (D:15)
  6 hydras
  6 boulder beetles
  2 vault guards (D:13)
  3 centaur warriors
  4 catoblepae
  6 two-headed ogres
  2 death knights
  17 death yaks
  A tengu warrior (D:11)
  An orc high priest (Orc:1)
  2 shock serpents (Snake:1)
  3 skeletal warriors (D:15)
  A sea snake (Shoals:1)
  3 unseen horrors
  A flayed ghost (D:15)
  A deep elf archer (D:15)
  2 wizards
  Pikel (D:5)
  4 orc knights
  3 phantasmal warriors (D:12)
  A necromancer (D:13)
  2 mana vipers (Snake:1)
  4 harpies
  16 ugly things
  A salamander (Snake:1)
  9 manticores
  A deep elf mage (D:11)
  6 orc sorcerers (Orc:1)
  3 cyclopes
  A stone giant skeleton (Orc:1)
  3 fauns (Shoals:1)
  Joseph (D:9)
  11 elephants
  3 merfolk sirens (Shoals:1)
  5 black mambas
  A water nymph (Shoals:1)
  A gargoyle (D:11)
  A torpor snail (Lair:6)
  11 cane toads
  11 komodo dragons
  5 rime drakes
  7 yaktaurs
  5 kobold demonologists (D:14)
  4 polar bears
  3 merfolk
  10 trolls
  A hydra zombie (D:11)
  3 meliai (D:15)
  A wind drake (Shoals:1)
  Prince Ribbit (D:6)
  10 blink frogs
  5 dream sheep (Lair:5)
  A raiju (shapeshifter) (D:15)
  2 hydra skeletons (D:12)
  A snapping turtle (Shoals:1)
  9 slime creatures
  Sigmund (D:3)
  2 shadows
  A vampire (D:12)
  42 yaks
  8 wraiths
  2 fire elementals (D:15)
  3 wyverns
  Eustachio (D:5)
  4 basilisks
  3 fire bats (Lair:6)
  21 humans (D:13)
  4 wargs
  6 vampire mosquitoes
  3 nagas
  A two-headed ogre zombie (Orc:2)
  12 water moccasins
  Duvessa (D:5)
  Edmund (D:6)
  2 acid dragons (D:11)
  2 soldier ants (D:13)
  A human skeleton (D:14)
  8 sky beasts
  A hornet zombie (D:14)
  27 orc warriors
  7 ice beasts
  2 black bears
  4 eyes of draining
  A manticore zombie (D:11)
  15 ogres
  2 necrophages
  2 phantoms
  2 boggarts (D:11)
  17 centaurs
  5 orc skeletons
  3 lemures (D:5)
  11 wolves
  9 big kobolds
  Blork the orc (D:5)
  2 elf zombies (Ossuary)
  23 bullfrogs
  A cyclops zombie (D:14)
  A gnoll sergeant (D:7)
  A yaktaur skeleton (D:12)
  A cyclops skeleton (D:14)
  3 wyvern skeletons
  A wyvern zombie (D:12)
  A warg zombie (Orc:2)
  A scorpion (D:11)
  Dowan (D:5)
  A water moccasin skeleton (D:12)
  A tengu zombie (D:11)
  2 troll zombies (Orc:1)
  10 killer bees
  4 howler monkeys
  A troll skeleton (Orc:2)
  A wight (D:11)
  2 electric eels (Lair:1)
  6 centaur zombies
  A quasit (D:10)
  4 bullfrog zombies
  32 orc priests
  3 hounds
  A human zombie (Ossuary)
  7 jellies
  6 bullfrog skeletons
  Ijyb (D:3)
  5 centaur skeletons
  9 iguanas
  32 orc wizards
  A basilisk skeleton (D:12)
  8 worker ants
  A big kobold zombie (Ossuary)
  An ogre zombie (D:11)
  2 hound zombies
  A big kobold skeleton (D:14)
  An ogre skeleton (Orc:2)
  A hound skeleton (D:9)
  3 mummies
  A worker ant zombie (D:11)
  7 gnolls
  A howler monkey skeleton (D:9)
  20 adders
  A shadow imp (D:9)
  A white imp (D:5)
  2 ufetubi
  6 oozes
  4 adder skeletons
  2 adder zombies
  5 worms
  2 dart slugs
  4 leopard geckos
  89 orcs
  7 bats
  A bat zombie (D:14)
  7 giant cockroaches
  7 goblins
  7 hobgoblins
  7 jackals
  7 quokkas
  5 ball pythons
  9 frilled lizards
  A hobgoblin skeleton (D:12)
  12 hobgoblin zombies
  A jackal zombie (Ossuary)
  55 kobolds
  9 kobold zombies
  A leopard gecko skeleton (D:12)
  11 orc zombies
  A quokka zombie (D:5)
  7 rats
  2 rat zombies (Ossuary)
  A butterfly (Lair:6)
960 creatures vanquished.

Vanquished Creatures (others)
  A centaur (Volcano)
  2 orc wizards (Orc:2)
  42 fungi
  78 plants
123 creatures vanquished.

Grand Total: 1083 creatures vanquished

Notes
Turn   | Place    | Note
-------+----------+-------------------------------------------
     0 | D:1      | DildoBatman the Formicid Conjurer began the quest for the
                  | Orb.
     0 | D:1      | Reached XP level 1. HP: 13/13 MP: 3/3
   305 | D:1      | Reached XP level 2. HP: 16/19 MP: 3/5
   308 | D:1      | Learned a level 2 spell: Searing Ray
   741 | D:2      | You fall into a shaft and drop 2 floors!
   794 | D:4      | Found a glowing drain.
   803 | D:4      | Reached XP level 3. HP: 24/24 MP: 3/6
   804 | D:4      | Found Quanots's Jewellery Shoppe.
   979 | D:4      | Reached skill level 5 in Conjurations
   979 | D:4      | Reached XP level 4. HP: 30/30 MP: 3/7
   981 | D:4      | Found a staircase to the Ecumenical Temple.
   987 | Temple   | Entered the Ecumenical Temple
  1144 | Temple   | Became a worshipper of Kikubaaqudgha
  1196 | Sewer    | Entered a sewer
  1846 | D:3      | Reached XP level 5. HP: 31/36 MP: 4/8
  1903 | D:3      | Reached * piety under Kikubaaqudgha
  1903 | D:3      | Identified Kikubaaqudgha's Grimoire of Necromancy
                  | (Kikubaaqudgha gifted it to you on level 3 of the Dungeon)
  1903 | D:3      | Received a gift from Kikubaaqudgha
  1922 | D:3      | Reached skill level 1 in Fighting
  1922 | D:3      | Reached skill level 1 in Armour
  2154 | D:3      | Noticed Sigmund
  2203 | D:3      | Killed Sigmund
  2204 | D:3      | Reached XP level 6. HP: 42/44 MP: 1/11
  2389 | D:3      | Noticed Ijyb
  2397 | D:3      | Killed Ijyb
  2848 | D:2      | Reached XP level 7. HP: 50/50 MP: 12/12
  3123 | D:2      | Reached ** piety under Kikubaaqudgha
  3707 | D:4      | Found Sienuac's Assorted Antiques.
  3717 | D:4      | Bought a scroll labelled FOLIR BEISMA for 25 gold pieces
  3792 | D:4      | Found Faereq's Jewellery Shop.
  3870 | D:4      | Learned a level 2 spell: Sublimation of Blood
  3874 | D:4      | Learned a level 3 spell: Vampiric Draining
  4287 | D:4      | Found Tiqoubui's Book Shop.
  4314 | D:4      | Found Yggoso's Gadget Shop.
  4604 | D:5      | Entered Level 5 of the Dungeon
  4676 | D:5      | Reached skill level 5 in Spellcasting
  4739 | D:5      | Reached skill level 1 in Necromancy
  4781 | D:5      | Reached skill level 2 in Necromancy
  4800 | D:5      | Noticed Eustachio
  4824 | D:5      | Killed Eustachio
  4825 | D:5      | Reached XP level 8. HP: 56/56 MP: 2/16
  4981 | D:5      | Noticed Pikel
  5020 | D:5      | Killed Pikel
  5021 | D:5      | Reached skill level 4 in Necromancy
  5142 | D:5      | Noticed Duvessa
  5146 | D:5      | Noticed Dowan
  5150 | D:5      | Killed Dowan
  5151 | D:5      | Reached skill level 5 in Necromancy
  5151 | D:5      | Reached XP level 9. HP: 40/61 MP: 13/19
  5152 | D:5      | Killed Duvessa
  5224 | D:5      | Reached skill level 6 in Necromancy
  5785 | D:5      | Noticed Blork the orc
  5801 | D:5      | Killed Blork the orc
  6138 | D:6      | Reached *** piety under Kikubaaqudgha
  6138 | D:6      | Identified Kikubaaqudgha's Almanac of Sinister Arts
                  | (Kikubaaqudgha gifted it to you on level 6 of the Dungeon)
  6138 | D:6      | Received a gift from Kikubaaqudgha
  6145 | D:6      | Learned a level 4 spell: Dispel Undead
  6145 | D:6      | Noticed Edmund
  6186 | D:6      | Killed Edmund
  6187 | D:6      | Reached skill level 7 in Necromancy
  6293 | D:6      | Noticed Prince Ribbit
  6306 | D:6      | Reached skill level 8 in Necromancy
  6307 | D:6      | Killed Prince Ribbit
  6351 | D:6      | Reached skill level 9 in Necromancy
  6540 | D:6      | Reached XP level 10. HP: 68/68 MP: 12/20
  6917 | D:7      | Found a radiant altar of Vehumet.
  6917 | D:7      | Found a shadowy altar of Dithmenos.
  7163 | D:7      | Found a sand-covered staircase.
  7175 | D:7      | Reached **** piety under Kikubaaqudgha
  7185 | Ossuary  | Entered an ossuary
  7726 | D:7      | Found an opulent altar of Gozag.
  7728 | D:7      | Found a sacrificial altar of Ru.
  7733 | D:7      | Found a stormy altar of Qazlal.
  7855 | D:7      | Reached ***** piety under Kikubaaqudgha
  7871 | D:7      | Reached skill level 5 in Fighting
  7871 | D:7      | Reached skill level 5 in Armour
  7989 | D:4      | Bought a book of Minor Magic for 200 gold pieces
  7993 | D:4      | Learned a level 3 spell: Conjure Flame
  7997 | D:4      | Learned a level 3 spell: Mephitic Cloud
  8096 | D:7      | Found a glowing golden altar of the Shining One.
  8096 | D:7      | Found a glowing silver altar of Zin.
  8096 | D:7      | Found a white marble altar of Elyvilon.
  8156 | D:8      | Found an ancient bone altar of Kikubaaqudgha.
  8186 | D:8      | Found Nuxtopneyxi's General Store.
  8213 | D:8      | Reached skill level 1 in Fire Magic
  8213 | D:8      | Reached skill level 1 in Air Magic
  8213 | D:8      | Reached skill level 1 in Poison Magic
  8221 | D:8      | Got a shimmering quarterstaff
  8222 | D:8      | Identified the cursed +0 quarterstaff of Waimus {venom,
                  | rElec rPois rC- Will+++} (You found it on level 8 of the
                  | Dungeon)
  9167 | D:9      | Reached XP level 11. HP: 72/79 MP: 13/23
  9349 | D:8      | Bought a scroll of enchant armour for 75 gold pieces
  9554 | D:9      | Noticed a two-headed ogre
  9580 | D:9      | Killed a two-headed ogre
  9651 | D:9      | Noticed Joseph
  9679 | D:9      | Killed Joseph
  9680 | D:9      | Reached skill level 5 in Fire Magic
 10022 | D:9      | Found a staircase to the Lair.
 10176 | D:10     | Entered Level 10 of the Dungeon
 10812 | D:10     | Found an ancient bone altar of Kikubaaqudgha.
 11302 | D:11     | Noticed a two-headed ogre
 11317 | D:11     | Killed a two-headed ogre
 11324 | D:11     | Noticed a cyclops
 11529 | D:11     | Reached ****** piety under Kikubaaqudgha
 11549 | D:10     | Received a gift from Kikubaaqudgha
 11553 | D:10     | Fell from the grace of Kikubaaqudgha
 11743 | D:7      | Became a worshipper of Gozag Ym Sagoz the Greedy
 11894 | D:11     | Noticed a deep elf mage
 11922 | D:11     | Killed a deep elf mage
 12047 | D:11     | Noticed a two-headed ogre
 12084 | D:11     | Noticed an eight-headed hydra
 12170 | D:11     | Reached XP level 12. HP: 53/83 MP: 19/24
 12215 | D:11     | Noticed a death knight
 12249 | D:11     | Killed a two-headed ogre
 12292 | D:11     | Noticed a tengu warrior
 12476 | D:11     | Noticed an unseen horror
 12510 | D:11     | Killed an unseen horror
 12719 | D:11     | Killed an eight-headed hydra
 12941 | D:11     | Reached skill level 5 in Dodging
 13048 | D:11     | Reached skill level 10 in Necromancy
 13300 | D:11     | Killed a tengu warrior
 13607 | D:11     | Killed a death knight
 13661 | D:12     | Noticed a boulder beetle
 14098 | D:10     | Killed a boulder beetle
 14262 | D:12     | Reached XP level 13. HP: 98/98 MP: 17/26
 14775 | D:12     | Gained mutation: You are weak. (Str -2) [potion of
                  | mutation]
 14775 | D:12     | Gained mutation: You are partially covered in icy blue
                  | scales. (AC +2) [potion of mutation]
 14775 | D:12     | Gained mutation: You are partially covered in molten
                  | scales. (AC +2) [potion of mutation]
 14776 | D:12     | Lost mutation: You are weak. (Str -2) [potion of mutation]
 14776 | D:12     | Gained mutation: Your magical capacity is low. (-10% MP)
                  | [potion of mutation]
 14776 | D:12     | Gained mutation: You possess an exceptional clarity of
                  | mind. [potion of mutation]
 14776 | D:12     | Gained mutation: You expend magic power (3 MP) to
                  | strengthen your wands. [potion of mutation]
 14893 | D:12     | Found a staircase to the Orcish Mines.
 15136 | Orc:1    | Entered Level 1 of the Orcish Mines
 15351 | Orc:1    | Noticed Josephine
 15390 | Orc:1    | Killed Josephine
 15391 | Orc:1    | Reached skill level 11 in Necromancy
 15391 | Orc:1    | HP: 4/100 [cloud of noxious fumes (2)]
 16076 | Orc:2    | Entered Level 2 of the Orcish Mines
 16926 | Orc:1    | Reached skill level 10 in Armour
 16989 | Orc:1    | Reached skill level 10 in Fighting
 16989 | Orc:1    | Reached XP level 14. HP: 96/110 MP: 11/24
 17302 | Orc:2    | Found a staircase to the Elven Halls.
 17349 | Orc:2    | Reached skill level 12 in Necromancy
 17349 | Orc:2    | Found a bloodstained altar of Trog.
 17406 | Orc:2    | Found Edeliyv's Magic Scroll Boutique.
 17417 | Orc:2    | Bought a scroll of torment for 105 gold pieces
 17417 | Orc:2    | Bought a scroll of identify for 28 gold pieces
 17417 | Orc:2    | Bought a scroll of summoning for 133 gold pieces
 17417 | Orc:2    | Bought a scroll of identify for 28 gold pieces
 17417 | Orc:2    | Bought a scroll of fog for 28 gold pieces
 17607 | Orc:2    | Found Kocwyass's General Store.
 17607 | Orc:2    | Found Koawnod's Weapon Shop.
 17608 | Orc:2    | Found Dohuh's Magic Scroll Shop.
 17612 | Orc:2    | Found Valuh's Assorted Antiques.
 17619 | Orc:2    | Bought a scroll of identify for 24 gold pieces
 17619 | Orc:2    | Bought a scroll of identify for 24 gold pieces
 17621 | Orc:2    | Bought a leatherbound book for 360 gold pieces
 17621 | Orc:2    | Bought a scroll of identify for 48 gold pieces
 17621 | Orc:2    | Bought 2 metallic purple potions for 43 gold pieces
 17621 | Orc:2    | Bought a scroll of identify for 48 gold pieces
 17621 | Orc:2    | Bought a pair of embroidered boots for 180 gold pieces
 17625 | Orc:2    | Learned a level 3 spell: Ignite Poison
 18047 | D:13     | You fall into a shaft and drop 2 floors!
 18047 | D:15     | Entered Level 15 of the Dungeon
 18531 | D:14     | Reached skill level 10 in Spellcasting
 18663 | D:14     | Reached skill level 13 in Necromancy
 18806 | D:14     | Found Cehure's Jewellery Boutique.
 19316 | D:14     | Found the cursed +14 obsidian axe {vorpal, +Fly SInv
                  | *Curse}
 19345 | D:14     | Noticed a tengu reaver
 19349 | D:14     | Found a transporter.
 19389 | D:14     | Found a transporter.
 19451 | D:14     | Reached skill level 14 in Necromancy
 19452 | D:14     | Was forgiven by Kikubaaqudgha
 19880 | D:13     | Got an ichor-stained falchion
 19881 | D:13     | Identified the +2 falchion of Deutehoc {venom, Will++} (You
                  | found it on level 13 of the Dungeon)
 19904 | D:13     | Got a scorched mace
 19905 | D:13     | Identified the cursed +1 mace "Imp's Nightmare" {freeze,
                  | *Drain rF++ rC+ rN+} (You found it on level 13 of the
                  | Dungeon)
 20485 | D:13     | Reached XP level 15. HP: 95/103 MP: 16/26
 20543 | D:13     | Found a gate to the Vaults.
 20597 | D:13     | Reached skill level 15 in Necromancy
 21503 | D:15     | Reached skill level 16 in Necromancy
 21566 | D:15     | Noticed Azrael
 21852 | Lair:1   | Entered Level 1 of the Lair of Beasts
 22052 | Lair:1   | Reached skill level 1 in Transmutations
 22593 | Lair:1   | Learned a level 3 spell: Ozocubu's Armour
 22597 | Lair:1   | Learned a level 3 spell: Frozen Ramparts
 22943 | Lair:2   | Reached skill level 1 in Shields
 22966 | Lair:2   | Reached skill level 1 in Ice Magic
 22993 | Lair:2   | Got a crystal mace
 22994 | Lair:2   | Identified the +10 mace "Koxuig" {holy, rElec rPois Will+++
                  | Str-2} (You found it on level 2 of the Lair of Beasts)
 23041 | Lair:2   | Found a staircase to the Snake Pit.
 23692 | Lair:3   | Found a staircase to the Shoals.
 23726 | Lair:3   | Reached skill level 1 in Maces & Flails
 24039 | Lair:3   | Found the +3 robe of Clouds {+Thunder rCloud rElec}
 25737 | Lair:4   | Reached XP level 16. HP: 119/122 MP: 21/27
 25751 | Lair:5   | Found a staircase to the Slime Pits.
 25751 | Lair:5   | Found a viscous altar of Jiyva.
 25952 | Lair:5   | Noticed Nessos
 26010 | Lair:5   | Killed Nessos
 26018 | Lair:5   | Reached skill level 5 in Transmutations
 26397 | Lair:5   | You fall into a shaft and drop 1 floor!
 26397 | Lair:6   | Entered Level 6 of the Lair of Beasts
 26448 | Lair:6   | Reached skill level 5 in Shields
 26468 | Lair:6   | Found a dark tunnel.
 26473 | Volcano  | Entered a volcano
 26574 | Volcano  | Found a burning altar of Makhleb.
 27349 | Lair:6   | Reached skill level 5 in Ice Magic
 28275 | Lair:6   | Reached skill level 17 in Necromancy
 28568 | Lair:6   | Reached XP level 17. HP: 125/128 MP: 17/27
 28809 | Snake:1  | Entered Level 1 of the Snake Pit
 28962 | Snake:1  | Noticed Asterion
 29027 | Shoals:1 | Entered Level 1 of the Shoals
 29378 | Shoals:1 | Reached skill level 1 in Evocations
 30273 | Shoals:1 | HP: 1/128 [merfolk impaler/+2 trident of flaming (6)]
 30273 | Shoals:1 | Slain by a merfolk impaler

Illustrated notes

Levels and vault maps discovered:
D:1:      eino_arrival_water_cross, layout_basic
D:2:      minmay_angry_zag, layout_loops_ring, kennysheep_cluttered_room
D:3:      minmay_chambers_of_threes, layout_basic, serial_co_window_serial,
          co_window_paths_a, co_window_corner_a, co_window_paths_a,
          co_window_paths_a, co_window_of_opportunity_a, co_window_2corner,
          co_window_paths_c, co_window_corner_b, co_window_sun, glass_columns_a,
          glass_columns_c, glass_columns_a, glass_columns_b, glass_columns_a,
          uniq_sigmund, uniq_ijyb
D:4:      layout_layer_cave, temple_green, gup_sewer_entry_pipe, serial_shops,
          shop, nicolae_shop_window_shopping, shop,
          nicolae_shop_competitors_out_of_business, shop,
          minmay_fractal_squares_diagonal_5
D:5:      layout_basic, uniq_eustachio, uniq_duvessa, uniq_blork_the_orc,
          uniq_pikel
D:6:      layout_basic, uniq_prince_ribbit1, uniq_edmund
D:7:      layout_rooms, good_gods_mini_temple, minitemple,
          gammafunk_temple_overflow_pools, gup_ossuary_entry_pyramid
D:8:      layout_basic, basic_altar, serial_shops, shop_statue
D:9:      layout_basic, lair_entry_dummy, uniq_joseph
D:10:     layout_loops_corners, basic_altar
D:11:     minmay_the_grid_square_5x5_4x4_mashed
          [minmay_the_grid_square_5x5_percent,
          minmay_the_grid_square_5x5_beaten_path,
          minmay_the_grid_square_5x5_eight_small,
          minmay_the_grid_square_5x5_spiral_small,
          minmay_the_grid_square_5x5_n_small,
          minmay_the_grid_square_5x5_prize_deathbox,
          minmay_the_grid_square_5x5_prize_pseudospiral,
          minmay_the_grid_square_5x5_fancy_junction,
          minmay_the_grid_square_5x5_shrine1,
          minmay_the_grid_square_5x5_prize_open,
          minmay_the_grid_square_5x5_prize_waves,
          minmay_the_grid_square_5x5_bite,
          minmay_the_grid_square_5x5_two_walls_a,
          minmay_the_grid_square_5x5_three, minmay_the_grid_square_5x5_comb,
          minmay_the_grid_square_5x5_z], layout_irregular_city
D:12:     layout_rooms, orc_0_dummy
D:13:     layout_roguey, grunt_vaults_entry_tiered
D:14:     gammafunk_sealed_arena, layout_gridville, grunt_decor_arrowhead,
          serial_shops, shop, chequers_garden, kennysheep_generic_room_8
D:15:     grunt_enter_depths_magical_seal, layout_cave_pods,
          chequers_serial_rivers_large_a, minivault_28, uniq_azrael
Temple:   minmay_temple_curvy_branch
Lair:1:   layout_regular_city, minmay_holes, chequers_serial_rivers_micro_e,
          grunt_megastairs_2, serial_bayou_shore_a, lemuel_fruit_tree
Lair:2:   layout_chaotic_city, guppyfry_snake_entry_island
Lair:3:   layout_regular_city, minmay_shoals_entry_centaurs, minivault_19
Lair:4:   layout_gridlike, minmay_lair_oklob_chamber
Lair:5:   layout_misc_corridors, slime_altar_1, st_stairs_8, uniq_nessos
Lair:6:   evilmike_catoblepas_cave, layout_regular_city,
          nicolae_volcano_entry_batcave, chequers_serial_rivers_micro_c,
          lemuel_fruit_fields
Shoals:1: layout_shoals
Shoals:2: layout_shoals
Snake:1:  layout_rooms, gammafunk_ghost_berserking_beasts, uniq_asterion
Orc:1:    layout_caves, uniq_josephine
Orc:2:    st_orc_mages, layout_caves, basic_altar, serial_shops,
          nicolae_shop_waterfront

Skill      XL: |  1  2  3  4  5  6  7  8  9 10 11 12 13 14 15 16 17 |
---------------+----------------------------------------------------+-----
Conjurations   | 4 5 6 |  6.0
Fighting       | 2 5 7 10 | 10.0
Armour         | 2 5 7 10 | 10.0
Spellcasting   | 3 5 7 8 9 10 | 10.0
Necromancy     | 2 5 9 10 11 14 16 17 | 17.3
Dodging        | 2 3 4 5 7 |  7.0
Fire Magic     | 2 6 |  6.0
Air Magic      | 2 4 |  4.0
Poison Magic   | 3 4 |  4.0
Transmutations | 4 7 |  7.9
Shields        | 3 7 8 |  8.1
Ice Magic      | 2 5 6 |  6.7
Maces & Flails | 2 4 |  4.0
Evocations     | 2 |  2.0
Stealth        | |  2.4

Action                   |  1- 3 |  4- 6 |  7- 9 | 10-12 | 13-15 | 16-18 || total
-------------------------+-------+-------+-------+-------+-------+-------++-------
Melee: Club              |    14 |     9 |       |       |       |       ||    23
       Dagger            |       |    14 |       |       |       |       ||    14
       Falchion          |       |       |    16 |    48 |       |       ||    64
       Flail             |       |       |       |   178 |       |       ||   178
       Long sword        |       |       |       |    58 |  1126 |       ||  1184
       Trident           |       |       |       |     4 |     7 |       ||    11
       Mace              |       |       |       |       |   234 |   634 ||   868
 Fire: Hunting sling     |       |     8 |   135 |    90 |       |       ||   233
 Cast: Magic Dart        |    20 |    14 |       |    19 |    13 |     1 ||    67
       Searing Ray       |     7 |    20 |    58 |    99 |    28 |    54 ||   266
       Vampiric Draining |       |       |     2 |    30 |    69 |    56 ||   157
       Conjure Flame     |       |       |       |    52 |    92 |    21 ||   165
       Mephitic Cloud    |       |       |       |    13 |   112 |    56 ||   181
       Dispel Undead     |       |       |       |    12 |    30 |       ||    42
       Sublimation of Bl |       |       |       |     6 |    28 |    18 ||    52
       Ignite Poison     |       |       |       |       |       |     1 ||     1
       Ozocubu's Armour  |       |       |       |       |       |     5 ||     5
       Frozen Ramparts   |       |       |       |       |       |     1 ||     1
Invok: Receive Necronomi |       |       |       |     1 |       |       ||     1
       Renounce Religion |       |       |       |     1 |       |       ||     1
 Abil: Dig               |     5 |    15 |     4 |    58 |    72 |    47 ||   201
  Use: Scroll            |     4 |     2 |     6 |     7 |    17 |     3 ||    39
       Potion            |       |       |       |       |     4 |       ||     4
 Stab: Sleeping          |       |     2 |       |     1 |     4 |       ||     7
       Confused          |       |       |       |     3 |   101 |    52 ||   156
       Distracted        |       |       |       |     1 |    11 |     8 ||    20
Armor: Robe              |     2 |    16 |     4 |       |       |       ||    22
       Leather armour    |       |       |    14 |    58 |       |       ||    72
       Troll leather arm |       |       |       |   175 |   633 |   295 ||  1103
Dodge: Dodged            |    11 |    36 |   103 |   634 |  1546 |   575 ||  2905
Block: Buckler           |       |       |       |       |   124 |   258 ||   382
       Rpst.: Falchion   |       |       |     3 |     7 |       |       ||    10
       Long sword        |       |       |       |    41 |   327 |       ||   368
